 Dungeon Crawl Stone Soup version 0.31-a0-66-ge618eeaa78 (webtiles) character file.

Game seed: 13386389598962954231

1016 Dirtsage the Chopper (level 8, -3/58 HPs)
             Began as a Demonspawn Berserker on May 22, 2023.
             Was a Priest of Trog.
             Slain by an orc wizard
             ... wielding a +0 dagger
              (4 damage)
             ... on level 5 of the Dungeon.
             The game lasted 00:08:34 (4199 turns).

Dirtsage the Chopper (Demonspawn Berserker)         Turns: 4199, Time: 00:08:34

Health: -3/58      AC:  7    Str: 25    XL:     8   Next: 1%
Magic:  0/8        EV: 11    Int:  9    God:    Trog [***...]
Gold:   179        SH:  0    Dex: 15    Spells: 7/7 levels left

rFire   . . .        a - +0 hand axe
rCold   . . .        (no shield)
rNeg    . . .        c - +0 ring mail
rPois   .            (helmet unavailable)
rElec   .            (no cloak)
rCorr   .            i - +1 pair of gloves {infuse}
SInv    .            (no boots)
Will    .....        (no amulet)
Stlth   ++           t - +6 ring of strength
HPRegen 0.29/turn    (no ring)
MPRegen 0.11/turn

%: no passive effects
@: on berserk cooldown, slowed, very slow
A: horns 3, thin skeletal structure 1
a: Renounce Religion, Berserk, Trog's Hand


You were on level 5 of the Dungeon.
You worshipped Trog.
Trog was most pleased with you.
You visited 1 branch of the dungeon, and saw 5 of its levels.

You collected 179 gold pieces.

Inventory:

Hand Weapons
 a - a +0 hand axe (weapon)
 p - a +0 long sword
 s - a +0 falchion
Armour
 b - a +0 animal skin
 c - a +0 ring mail (worn)
 i - a +1 pair of gloves of infusion (worn)
 n - a +0 kite shield
 o - a +0 pair of boots
Jewellery
 t - a +6 ring of strength (left hand)
Wands
 m - a wand of flame (18)
 u - a wand of mindburst (19)
Scrolls
 e - a scroll of identify {unknown}
 f - 2 scrolls of fog {unknown}
 g - 2 scrolls of teleportation {unknown}
 j - 2 scrolls of enchant weapon {unknown}
 B - a scroll of blinking
Potions
 d - a potion of enlightenment {unknown}
 k - a potion of might {unknown}
 l - a potion of brilliance {unknown}
 q - a potion of lignification {unknown}
 r - 3 potions of heal wounds {unknown}


   Skills:
 - Level 3.0 Fighting
 * Level 5.0 Long Blades
 - Level 7.2 Axes
 - Level 1.7 Armour
 - Level 1.7 Dodging


You had 7 spell levels left.
You didn't know any spells.
Your spell library contained the following spells:

 Spells                   Type           Power      Damage    Failure   Level
 Stone Arrow              Conj/Erth      0%         3d7       88%         3
 Iskenderun's Battlesphe  Conj           0%         2d6       100%        5
 Iron Shot                Conj/Erth      0%         9d1       100%        6
 Spellforged Servitor     Conj/Summ      0%         N/A       100%        7
 Shatter                  Erth           0%         3d5*      100%        9


Dungeon Overview and Level Annotations

Branches:
Dungeon (5/15)             Temple (0/1) D:5

Altars:
Dithmenos
Fedhas
Okawaru
Yredelemnul

Annotations:
D:3 1 runed translucent door


Innate Abilities, Weirdness & Mutations

You have a pair of large horns on your head.
You have a somewhat thin skeletal structure. (Dex +2, Stealth+)


Message History

The puff of flame hits you!
* * * LOW HITPOINT WARNING * * *
Your Long Blades skill increases to level 5!
You have reached level 8!
You feel clever.
Your demonic ancestry asserts itself...
The horns on your head grow some more.
You take 5 damage, and have 17/58 hp.
You hit the orc priest.
The orc priest is lightly wounded.
You barely miss the orc. You miss something.
The orc priest hits you with a +0 flail.
* * * LOW HITPOINT WARNING * * *
The orc hits you but does no damage. Something hits you but does no damage.
The orc priest mumbles some strange prayers to Beogh against you.
Pain shoots through your body!
* * * LOW HITPOINT WARNING * * *
The orc hits you with a +0 mace.
* * * LOW HITPOINT WARNING * * *
You hear some strange, mumbled words.
A puff of flame appears from out of thin air!
The puff of flame hits you.
* * * LOW HITPOINT WARNING * * *
You take 13 damage, and have 4/58 hp.
MASSIVE DAMAGE!!
You barely miss the orc priest.
The orc priest is lightly wounded.
You hit the orc. You hit something but do no damage.
The orc priest closely misses you. The orc barely misses you.
You hear some strange, mumbled words.
A puff of flame appears from out of thin air!
The puff of flame hits you.
* * * LOW HITPOINT WARNING * * *
You take 2 damage, and have 2/58 hp.
You hit the orc priest but do no damage.
You headbutt the orc priest!
The orc priest is almost dead.
You hit the orc but do no damage. You hit something.
The orc priest hits you with a +0 flail.
* * * LOW HITPOINT WARNING * * *
The orc misses you. Something hits you.
You die...

#####.'....'....#.......####
#.#....####.#.......#
#.#....# #.#.......#
###○####.....<#
#.#.##########
..g○○.).))#####
#.#........... .#######).##
###...⌠...#####.
#...#####...............
#.#.).o##.#.⌠.>.⌠.#####.
#.####o@#.#.......... #.#
##{#.#...⌠...#. #.#
#.#.##......+ #.#
#.#.###.##### #######.#
#.......# #.......#
###.##..# #.......#
###)##....# ####.......#
#...)##.#...# ...........#
#....##.###...


You could see an orc priest and an orc.

Vanquished Creatures
  A water moccasin (D:5)
  A black bear (D:5)
  The ghost of pk666 the Magician, an amateur DEFE (D:3)
  2 scorpions
  4 hounds
  4 orc priests
  A gnoll bouda (D:5)
  An iguana (D:5)
  Terence (D:3)
  2 orc wizards
  Robin (D:3)
  8 gnolls
  7 adders
  A worm (D:2)
  2 dart slugs
  17 orcs
  5 endoplasms
  4 giant cockroaches
  11 hobgoblins
  6 quokkas
  6 ball pythons
  5 bats
  2 frilled lizards (D:1)
  10 goblins (D:3)
  4 kobolds
  3 rats
110 creatures vanquished.

Vanquished Creatures (others)
  A water moccasin (D:5)
  An orc priest (D:5)
  3 gnolls (D:5)
  2 orcs (D:5)
7 creatures vanquished.

Grand Total: 117 creatures vanquished

Notes
Turn   | Place    | Note
-------+----------+-------------------------------------------
     0 | D:1      | Dirtsage the Demonspawn Berserker began the quest for the
                  | Orb.
     0 | D:1      | Reached XP level 1. HP: 18/18 MP: 1/1
   186 | D:1      | Reached skill level 3 in Axes
   186 | D:1      | Gained mutation: You have a pair of small horns on your
                  | head. [demonic ancestry]
   186 | D:1      | Reached XP level 2. HP: 20/24 MP: 2/2
   611 | D:1      | Reached XP level 3. HP: 29/29 MP: 3/3
   844 | D:2      | Reached skill level 4 in Axes
   923 | D:2      | Got Sif Muna's Elucidation of Cooperative Scree
  1006 | D:2      | Reached XP level 4. HP: 30/35 MP: 4/4
  1432 | D:2      | Reached skill level 5 in Axes
  1438 | D:2      | Gained mutation: You have a somewhat thin skeletal
                  | structure. (Dex +2, Stealth+) [demonic ancestry]
  1438 | D:2      | Reached XP level 5. HP: 41/41 MP: 5/5
  1738 | D:2      | Reached ** piety under Trog
  2026 | D:3      | Found a runed translucent door.
  2027 | D:3      | Noticed pk666's ghost (amateur DEFE)
  2070 | D:3      | Killed pk666's ghost
  2071 | D:3      | Reached skill level 6 in Axes
  2071 | D:3      | Reached XP level 6. HP: 47/47 MP: 6/6
  2112 | D:3      | Found a runed translucent door.
  2215 | D:3      | Noticed Robin
  2236 | D:3      | Killed Robin
  2723 | D:3      | Noticed Terence
  2734 | D:3      | Killed Terence
  3009 | D:4      | Reached skill level 7 in Axes
  3269 | D:4      | Found a shadowy altar of Dithmenos.
  3550 | D:4      | Found a blossoming altar of Fedhas.
  3553 | D:4      | Found an iron altar of Okawaru.
  3554 | D:4      | Found a basalt altar of Yredelemnul.
  3696 | D:5      | Entered Level 5 of the Dungeon
  3703 | D:5      | Gained mutation: You have a pair of horns on your head.
                  | [demonic ancestry]
  3703 | D:5      | Reached XP level 7. HP: 52/52 MP: 0/7
  3742 | D:5      | Reached skill level 1 in Long Blades
  3955 | D:5      | Found a staircase to the Ecumenical Temple.
  3983 | D:5      | Reached *** piety under Trog
  4197 | D:5      | Reached skill level 5 in Long Blades
  4197 | D:5      | Gained mutation: You have a pair of large horns on your
                  | head. [demonic ancestry]
  4197 | D:5      | Reached XP level 8. HP: 17/58 MP: 0/8
  4198 | D:5      | HP: 2/58 [something/puff of flame (3)]
  4199 | D:5      | Slain by an orc wizard

Illustrated notes

Levels and vault maps discovered:
D:1:      dpeg_arrival_long_road, layout_basic
D:2:      layout_loops_ring, hex_tiny
D:3:      layout_loops_cross, ebering_ghost_sewer_f, uniq_terence, uniq_robin
D:4:      layout_basic, minitemple, kennysheep_little_box
D:5:      layout_basic, tso_metal_star, temple_fountains, lemuel_flamethrower_2

Skill      XL: |  1  2  3  4  5  6  7 |
---------------+----------------------+-----
Axes           | 3 4 5 6 7 |  7.2
Long Blades    | 5 |  5.0
Fighting       | |  3.0
Armour         | |  1.7
Dodging        | |  1.7

Action                     |  1- 3 |  4- 6 |  7- 9 || total
---------------------------+-------+-------+-------++-------
  Melee: Hand axe          |   104 |   168 |    55 ||   327
         Headbutt          |     8 |    24 |    11 ||    43
         Punch             |     2 |     2 |     1 ||     5
 Invoke: Berserk           |     3 |     3 |     2 ||     8
    Use: Scroll            |       |       |     1 ||     1
   Stab: Sleeping          |       |     4 |       ||     4
 Armour: Ring mail         |    29 |    61 |    19 ||   109
  Dodge: Dodged            |    57 |    76 |    28 ||   161

Table legend: (Time is in decaauts)
 A = Elapsed time spent in this place.
 B = Non-inter-level travel time spent in this place.
 C = Inter-level travel time spent in this place.
 D = Time resting spent in this place.
 E = Time spent auto-exploring this place.
 F = Levels seen in this place.
 G = Mean time per level.
                   A        B        C        D        E       F      G
               +--------+--------+--------+--------+--------+-----+--------+
         Total |   4276 |   4134 |    142 |    581 |   2922 |   5 |  855.2 |
       Dungeon |   4276 |   4134 |    142 |    581 |   2922 |   5 |  855.2 |
               +--------+--------+--------+--------+--------+-----+--------+

Top non-repeatable levels by time:
     D:2: 1171 daAuts
     D:3: 956 daAuts
     D:1: 858 daAuts
     D:4: 784 daAuts
     D:5: 506 daAuts
